 Dungeon Crawl Stone Soup version 0.23.0 (webtiles) character file.

Game seed: 9756739144174319093

2095 Babaika the Twirler (level 9, -6/69 HPs)
             Began as a Human Monk on Feb 12, 2019.
             Was a Believer of Yredelemnul.
             Mangled by a two-headed ogre
             ... wielding a +0 giant spiked club
              (21 damage)
             ... on level 7 of the Dungeon.
             The game lasted 00:15:49 (7416 turns).

Babaika the Twirler (Human Monk)                    Turns: 7416, Time: 00:15:50

Health: -6/69      AC: 15    Str: 13    XL:     9   Next: 52%
Magic:  19/19      EV:  8    Int: 13    God:    Yredelemnul [**....]
Gold:   309        SH:  0    Dex: 15    Spells: 8/8 levels left

rFire    + . .     SeeInvis .   t - +4 quarterstaff (chaos)
rCold    . . .     Gourm    .   (shield currently unavailable)
rNeg     . . .     Faith    .   e - +1 chain mail {rF+}
rPois    .         Spirit   .   (no helmet)
rElec    .         Reflect  .   n - +2 cloak
rCorr    .         Harm     .   w - +1 pair of gloves
MR       .....     Clarity  +   (no boots)
Stlth    ..........             (no amulet)
HPRegen  0.21/turn              q - ring of magical power
MPRegen  0.16/turn              (no ring)

@: injury mirror
A: blurry vision 1, clarity, MP-powered wands
a: Animate Remains, Recall Undead Slaves, Injury Mirror, Renounce Religion


You were on level 7 of the Dungeon.
You worshipped Yredelemnul.
Yredelemnul was pleased with you.
You were hungry.

You visited 2 branches of the dungeon, and saw 9 of its levels.

You collected 413 gold pieces.
You spent 104 gold pieces at shops.

Inventory:

Hand Weapons
 a - a +0 falchion
 l - a +0 whip of draining
 t - a +4 quarterstaff of chaos (weapon)
 D - a +0 dire flail of draining
Missiles
 f - 7 javelins of penetration (quivered)
Armour
 b - a +0 robe
 d - a +0 ring mail
 e - a +1 chain mail of fire resistance (worn)
 h - a +0 pair of gloves
 i - a +0 cloak
 n - a +2 cloak (worn)
 o - a +0 plate armour
 w - a +1 pair of gloves (worn)
 E - a +2 leather armour of cold resistance
 G - a +1 buckler of poison resistance
Magical Staves
 r - an uncursed staff of summoning
Jewellery
 q - a ring of magical power (left hand)
 v - an uncursed ring of ice {unknown}
Wands
 x - a wand of enslavement (10)
Scrolls
 g - 6 scrolls of teleportation {unknown}
 m - 7 scrolls of identify {unknown}
 p - 2 scrolls of enchant weapon
 s - a scroll of fog {unknown}
 y - 2 scrolls of fear {unknown}
 z - a scroll of blinking {unknown}
 A - 2 scrolls of enchant armour {unknown}
 B - 3 scrolls of remove curse {unknown}
 F - a scroll of magic mapping {unknown}
Potions
 j - a potion of might {unknown}
 k - 2 potions of brilliance {unknown}
 u - 2 potions of curing {unknown}
 C - 4 potions of cancellation {unknown}
 H - a potion of degeneration {unknown}
Comestibles
 c - 7 rations


   Skills:
 - Level 6.0 Fighting
 - Level 4.3 Long Blades
 - Level 3.0(5.2) Maces & Flails
 + Level 6.6(6.9) Staves
 - Level 3.5 Armour
 - Level 6.0 Dodging
 - Level 2.1 Stealth
 - Level 2.0 Invocations


You had 8 spell levels left.
You didn't know any spells.
Your spell library contained the following spells:

 Spells                   Type           Power        Failure   Level  Hunger
 Corpse Rot               Necr           N/A          100%        2    ###....
 Stone Arrow              Conj/Erth      #.....       100%        3    ####...
 Leda's Liquefaction      Hex/Erth       #.........   100%        4    #####..
 Summon Forest            Summ/Tloc      #.........   100%        5    ######.
 Hydra Form               Tmut           #.........   100%        6    #######
 Summon Hydra             Summ           #.........   100%        7    #######


Dungeon Overview and Level Annotations

Branches:
Dungeon (8/15)             Temple (1/1) D:6
   Lair: D:8-11

Altars:
Dithmenos
Elyvilon
Gozag
Hepliaklqana
Okawaru
Qazlal
Ru
Sif Muna
Trog
Uskayaw
Vehumet
Wu Jian
Xom
Yredelemnul
Zin
The Shining One
Lugonu

Shops:
D:4 *(


Innate Abilities, Weirdness & Mutations

Scrolls take you a little longer to read.
You possess an exceptional clarity of mind.
You expend magic power (3 MP) to strengthen your wands.


Message History

You offer yourself to Yredelemnul, and are filled with unholy energy.
The two-headed ogre hits you with a +0 giant spiked club!!
* * * LOW HITPOINT WARNING * * *
Yredelemnul mirrors your injury!
The two-headed ogre is moderately wounded.
The two-headed ogre closely misses you.
You barely miss the two-headed ogre.
The two-headed ogre is moderately wounded.
The two-headed ogre hits you with a +0 giant spiked club.
* * * LOW HITPOINT WARNING * * *
Yredelemnul mirrors your injury!
The two-headed ogre is heavily wounded.
The two-headed ogre barely misses you.
You closely miss the two-headed ogre.
The two-headed ogre is heavily wounded.
You sock the two-headed ogre! You burn the two-headed ogre.
The two-headed ogre is severely wounded.
The two-headed ogre hits you with a +0 giant spiked club!!
You die...
Your body rises from the dead as a mindless zombie.

###.###.# #.# ........# #.#
....##### #.# ### ........# #.#
#.. ......#.# ###.#### #.#
###.#.#.###......# #.#
###.#.#.......##.# #.#
.....รท........##.##############.#
####...####.#...@O..............#
####.#.####.####.................
#....#...##.# ###############...
...#####....############### #.##
#....#...#..##............####.#
..##.#.###.........######.##...##
..##...# ##.##.###.# #.#......
..###.#####.##.# #.## #.#..####
..# #.......##.# #..# #<#......


You could see a two-headed ogre.

Vanquished Creatures
  A hungry ghost (D:7)
  Edmund (D:6)
  An ice beast (D:6)
  An orc warrior (D:6)
  An ogre (D:4)
  A phantom (D:5)
  A centaur (D:5)
  3 bullfrogs
  2 scorpions
  4 crimson imps
  A quasit (D:5)
  4 hounds (D:7)
  3 orc priests
  Crazy Yiuf (D:4)
  2 bullfrog skeletons
  3 iguanas
  8 worker ants
  A hound skeleton (D:7)
  17 adders
  2 shadow imps
  4 oozes
  A worm (D:4)
  2 dart slugs
  9 leopard geckos
  12 orcs
  A ball python (D:7)
  10 bats
  3 giant cockroaches
  6 goblins
  7 hobgoblins
  17 jackals
  11 kobolds
  A quokka (D:7)
  7 frilled lizards
  A goblin skeleton (D:5)
  2 hobgoblin zombies (D:5)
  3 kobold skeletons (D:5)
  A kobold zombie (D:5)
  2 orc skeletons (D:5)
  2 orc zombies (D:5)
  7 rats
167 creatures vanquished.

Vanquished Creatures (others)
  A sky beast (D:7)
1 creature vanquished.

Grand Total: 168 creatures vanquished

Notes
Turn   | Place    | Note
-------+----------+-------------------------------------------
     0 | D:1      | Babaika the Human Monk began the quest for the Orb.
     0 | D:1      | Reached XP level 1. HP: 18/18 MP: 1/1
   194 | D:1      | Reached XP level 2. HP: 24/24 MP: 2/2
   403 | D:1      | Reached XP level 3. HP: 27/29 MP: 3/3
   987 | D:2      | Reached XP level 4. HP: 34/35 MP: 4/4
  1363 | D:2      | Reached XP level 5. HP: 32/42 MP: 5/5
  2077 | D:3      | Reached skill level 1 in Maces & Flails
  2432 | D:3      | Found a basalt altar of Yredelemnul.
  2434 | D:3      | Found a shimmering altar of Xom.
  2434 | D:3      | Found a radiant altar of Vehumet.
  2436 | D:3      | Found a stormy altar of Qazlal.
  2436 | D:3      | Found a hazy altar of Hepliaklqana.
  2436 | D:3      | Found a bloodstained altar of Trog.
  2545 | D:3      | Reached XP level 6. HP: 44/48 MP: 6/6
  2802 | D:3      | Found a bloodstained altar of Trog.
  2872 | D:4      | Found Mallataz's Merry Market.
  2885 | D:4      | Bought a potion of mutation for 104 gold pieces
  2885 | D:4      | Gained mutation: Scrolls take you a little longer to read.
                  | [potion of mutation]
  2885 | D:4      | Gained mutation: You expend magic power (3 MP) to
                  | strengthen your wands. [potion of mutation]
  2885 | D:4      | Gained mutation: You possess an exceptional clarity of
                  | mind. [potion of mutation]
  2917 | D:4      | Reached skill level 1 in Armour
  2938 | D:4      | Noticed an ogre
  2961 | D:4      | Killed an ogre
  2961 | D:4      | Reached XP level 7. HP: 32/55 MP: 7/7
  3135 | D:4      | Found a runed translucent door.
  3136 | D:4      | Noticed Crazy Yiuf
  3297 | D:4      | Killed Crazy Yiuf
  3568 | D:4      | Found Osodeij's Antique Weapon Boutique.
  3992 | D:4      | Reached skill level 1 in Staves
  4071 | D:4      | Found a hide-covered altar of Uskayaw.
  4164 | D:5      | Entered Level 5 of the Dungeon
  4359 | D:5      | Found a glowing golden altar of the Shining One.
  4677 | D:5      | Found an iron altar of Okawaru.
  4678 | D:5      | Found a stormy altar of Qazlal.
  4678 | D:5      | Found a white marble altar of Elyvilon.
  4681 | D:5      | Found a shadowy altar of Dithmenos.
  4787 | D:5      | Reached skill level 5 in Fighting
  4787 | D:5      | Reached XP level 8. HP: 51/62 MP: 8/8
  4793 | D:5      | Reached skill level 5 in Dodging
  4800 | D:5      | Found an ornate altar of the Wu Jian Council.
  5308 | D:6      | Noticed Edmund
  5317 | D:6      | Killed Edmund
  5515 | D:6      | Found a staircase to the Ecumenical Temple.
  5568 | Temple   | Entered the Ecumenical Temple
  5777 | Temple   | Became a worshipper of Yredelemnul the Dark
  5777 | Temple   | Reached * piety under Yredelemnul
  5777 | Temple   | Reached ** piety under Yredelemnul
  5877 | D:5      | Reached skill level 1 in Invocations
  5877 | D:5      | Reached XP level 9. HP: 35/69 MP: 9/9
  6553 | D:7      | Reached skill level 5 in Staves
  7228 | D:8      | Noticed a two-headed ogre
  7416 | D:7      | Mangled by a two-headed ogre

Skill      XL: |  1  2  3  4  5  6  7  8  9 |
---------------+----------------------------+-----
Long Blades    | 4 |  4.3
Maces & Flails | 1 2 3 |  3.0
Fighting       | 4 5 6 |  6.0
Dodging        | 4 5 6 |  6.0
Armour         | 1 2 3 |  3.5
Staves         | 2 4 6 |  6.6
Invocations    | 1 2 |  2.0
Stealth        | |  2.1

Action                   |  1- 3 |  4- 6 |  7- 9 || total
-------------------------+-------+-------+-------++-------
Melee: Falchion          |    61 |    77 |       ||   138
       Whip              |       |   189 |    36 ||   225
       Quarterstaff      |       |       |   294 ||   294
Throw: Javelin           |       |     1 |     2 ||     3
Invok: Injury Mirror     |       |       |     1 ||     1
       Animate Remains   |       |       |     1 ||     1
  Use: Potion            |       |     1 |       ||     1
       Scroll            |       |       |     4 ||     4
 Stab: Sleeping          |     3 |     5 |     1 ||     9
       Petrified         |       |       |     4 ||     4
       Paralysed         |       |       |     1 ||     1
  Eat: Chunk             |       |     7 |     9 ||    16
       Ration            |       |       |     2 ||     2
Armor: Robe              |     1 |       |       ||     1
       Ring mail         |    27 |   102 |    76 ||   205
       Leather armour    |       |       |    22 ||    22
       Chain mail        |       |       |    57 ||    57
Dodge: Dodged            |    43 |   206 |   197 ||   446
       Rpst.: Falchion   |    18 |    17 |       ||    35
